Oilers vs Kings

Created - 6 février 2021 at 20:25

Goals
1 2 3 OT1 T
Oilers 2 0 0 1 3
Kings 1 0 1 0 2
Shots
1 2 3 OT1 T
Oilers 13 8 9 4 34
Kings 7 6 10 1 24

1st period

1. Kings , Marc-Edouard Vlasic 8 (Jonathan Toews 32, Rickard Rakell 27) at 0:23
2. Oilers , Barclay Goodrow 6 (Adam Lowry 7) at 0:45
3. Oilers , Evander Kane 18 (Ryan Johansen 24, Travis Hamonic 8) at 11:28

Penalties :
Tyler Motte (LOS) for Interference (Minor) at 1:25, Nicolas Hague (LOS) for Holding (Minor) at 3:39, Jacob Trouba (EDM) for Holding (Minor) at 6:54, Anthony Bitetto (LOS) for Interference (Minor) at 12:06, Rickard Rakell (LOS) for High sticking (Minor) at 18:24

2nd period

No Goal

Penalties :
John Moore (LOS) for Hooking (Minor) at 4:02, Marc-Edouard Vlasic (LOS) for Hooking (Minor) at 11:29

3rd period

4. Kings , Rickard Rakell 16 (Jonathan Toews 33, Marco Scandella 13) at 18:30

Penalties :
Nick Paul (LOS) for High sticking (Minor) at 6:04, Anthony Bitetto (LOS) for Hooking (Minor) at 8:33

Overtime #1

5. Oilers , Pavel Zacha 9 (Yanni Gourde 15) at 1:04

Penalties :
No Penalty

Goalie Stats

Robin Lehner (EDM), 22 saves from 24 shots - (0,917), W, 17-14-7, 61:05 minutes
Frederik Andersen (LOS), 31 saves from 34 shots - (0,912), OTL, 17-15-6, 61:05 minutes

Players Stats for Oilers

Player Name              G  A  P  +/- PIM S  H  SB GA TA FO     MP     PP MP  PK MP  
------------------------------------------------------------------------------------
Adam Lowry               0  1  1   1  0   0  3  1  0  0  11/17  12:36   1:06   1:08 
Barclay Goodrow          1  0  1   1  0   2  0  0  0  0  1/1    11:51   0:18   1:11 
Barrett Hayton           0  0  0   0  0   0  2  1  0  0  4/11   11:44   6:05   0:03 
Brenden Dillon           0  0  0   0  0   1  3  1  0  0  0/0    15:08   0:33   1:00 
Brent Burns              0  0  0  -1  0   1  0  2  0  0  0/0    25:24   8:37   0:00 
Dylan DeMelo             0  0  0   0  0   0  1  2  0  0  0/0    14:34   0:00   0:59 
Evander Kane             1  0  1  -1  0   7  3  0  0  0  1/3    23:16   8:56   0:00 
Gustav Nyquist           0  0  0  -1  0   5  0  0  0  0  2/3    22:12   8:41   0:00 
Jacob Trouba             0  0  0   0  2   1  4  1  0  0  0/0    24:17   8:04   0:00 
Leo Komarov              0  0  0   0  0   0  0  0  0  0  0/0     6:24   0:00   0:48 
Nick Cousins             0  0  0   1  0   1  0  0  0  0  0/0    10:22   0:00   0:00 
Pavel Zacha              1  0  1   1  0   3  2  0  0  0  11/15  19:34   6:38   0:00 
Riley Nash               0  0  0   0  0   1  0  0  0  0  1/1     6:09   0:33   0:00 
Ryan Johansen            0  1  1  -1  0   5  0  0  0  0  13/27  23:49   8:41   0:48 
Sam Bennett              0  0  0   0  0   1  3  0  0  0  0/1    12:40   0:00   0:00 
Travis Hamonic           0  1  1   1  0   3  0  1  0  0  0/0    20:50   7:15   0:59 
Vladislav Gavrikov       0  0  0   1  0   0  1  1  0  0  0/0    20:51   7:15   1:00 
Yanni Gourde             0  1  1   1  0   3  1  0  0  0  0/0    19:34   6:38   0:00 

Players Stats for Kings

Player Name              G  A  P  +/- PIM S  H  SB GA TA FO     MP     PP MP  PK MP  
------------------------------------------------------------------------------------
Andre Burakovsky         0  0  0   0  0   2  0  0  0  0  1/2    14:26   0:54   0:55 
Anthony Bitetto          0  0  0  -1  4   0  3  2  0  0  0/0    15:33   0:00   2:56 
Conor Sheary             0  0  0   0  0   0  0  0  0  0  0/0     0:14   0:00   0:14 
Corey Perry              0  0  0  -1  0   1  5  0  0  0  0/1    12:53   0:00   0:00 
Jesper Fast              0  0  0   0  0   3  0  0  0  0  1/2    13:31   0:54   0:00 
John Moore               0  0  0   0  2   1  1  3  0  0  0/0    21:10   0:51   6:08 
Jonathan Toews           0  2  2   1  0   2  1  1  0  0  15/27  26:47   1:05   8:00 
Jordan Eberle            0  0  0   0  0   1  0  1  0  0  2/4    20:11   1:05   5:40 
Lucas Wallmark           0  0  0   0  0   0  0  0  0  0  3/5     3:15   0:00   0:00 
Marc-Edouard Vlasic      1  0  1   1  2   4  1  0  0  0  0/0    24:19   1:08   6:51 
Marco Scandella          0  1  1   0  0   0  3  1  0  0  0/0    22:33   1:08   7:13 
Mikael Backlund          0  0  0   0  0   3  1  1  0  0  10/23  23:41   0:54   9:07 
Nick Paul                0  0  0  -1  2   1  1  0  0  0  1/6    12:52   0:00   0:00 
Nicolas Hague            0  0  0  -1  2   0  0  1  0  0  0/0    14:12   0:00   0:26 
Rickard Rakell           1  1  2   0  2   3  1  0  0  0  2/5    19:48   1:05   5:18 
Stephen Johns            0  0  0   0  0   1  1  2  0  0  0/0    22:53   0:51   7:50 
Tyler Motte              0  0  0   0  2   0  1  0  0  0  0/0     3:14   0:00   0:00 
Zemgus Girgensons        0  0  0  -1  0   2  2  1  0  0  0/4    15:43   0:00   2:50 

3 Stars

1 - Pavel Zacha (EDM)
2 - Barclay Goodrow (EDM)
3 - Jonathan Toews (LOS)

Power Play

Oilers - 0 on 8 Attempt(s) - 0,00%
Kings - 0 on 1 Attempt(s) - 0,00%

Penalty Kill

Oilers - 1 on 1 Attempt(s) - 100,00% - Score 0 goal in Penalty Kill
Kings - 8 on 8 Attempt(s) - 100,00% - Score 0 goal in Penalty Kill

Team Stat

Oilers - Hits : 23 - Faceoff Wins : 44 - Blocked Shots : 10 - Penalty Minutes : 2
Kings - Hits : 21 - Faceoff Wins : 35 - Blocked Shots : 13 - Penalty Minutes : 16

Official

Referees : Tom Chmielewski and Francis Charron
Linesman : Justin Cornell and Andrew Smith

Game Notes

No Game Note

Finance

Level 1 -- Attendance: 6500 (100,00%) -- Ticket Income 617 500 $
Level 2 -- Attendance: 4616 (92,32%) -- Ticket Income 346 200 $
Level 3 -- Attendance: 3108 (88,80%) -- Ticket Income 170 940 $
Level 4 -- Attendance: 2118 (100,00%) -- Ticket Income 84 720 $
Luxury Box -- Attendance: 887 (88,70%) -- Ticket Income 199 575 $
Game was played at the Staples Center.
Total Attendance: 17229 (95,09%)
Total Ticket Income: 1 418 935 $
Other Income: 695 278 $
Total Income: 2 114 213 $

% Time on Ice - Oilers

Lines # - Real PCT - Wanted PCT - Time Play
Normal Forward
1 - 32% - 40% - 13:31
2 - 30% - 30% - 12:40
3 - 25% - 20% - 10:22
4 - 13% - 10% - 5:36
Normal Defense
1 - 38% - 40% - 15:58
2 - 30% - 30% - 12:36
3 - 32% - 30% - 13:35
4 - 0% - 0% - 0:00
PP Forward
1 - 58% - 60% - 9:14
2 - 42% - 40% - 6:38
PP Defense
1 - 54% - 60% - 8:37
2 - 46% - 40% - 7:15
PK Forward
1 - 60% - 60% - 1:11
2 - 40% - 40% - 0:48
PK Defense
1 - 50% - 60% - 1:00
2 - 50% - 40% - 0:59
PK3 Forward
1 - 0% - 60%
2 - 0% - 40%
PK3 Defense
1 - 0% - 60%
2 - 0% - 40%
44 Forward
1 - 0% - 60%
2 - 0% - 40%
44 Defense
1 - 0% - 60%
2 - 0% - 40%
Last Minute Offensive  - 0:00
Last Minute Defensive  - 0:00
Total
Forward - 60:00
Defense - 60:00

% Time on Ice - Kings

Lines # - Real PCT - Wanted PCT - Time Play
Normal Forward
1 - 32% - 40% - 13:24
2 - 30% - 30% - 12:37
3 - 31% - 20% - 12:53
4 - 8% - 10% - 3:15
Normal Defense
1 - 35% - 40% - 14:33
2 - 34% - 30% - 14:12
3 - 31% - 20% - 13:03
4 - 1% - 10% - 0:21
PP Forward
1 - 55% - 60% - 1:05
2 - 45% - 40% - 0:54
PP Defense
1 - 57% - 60% - 1:08
2 - 43% - 40% - 0:51
PK Forward
1 - 64% - 60% - 10:12
2 - 36% - 40% - 5:40
PK Defense
1 - 50% - 60% - 7:53
2 - 50% - 40% - 7:59
PK3 Forward
1 - 0% - 60%
2 - 0% - 40%
PK3 Defense
1 - 0% - 60%
2 - 0% - 40%
44 Forward
1 - 0% - 60%
2 - 0% - 40%
44 Defense
1 - 0% - 60%
2 - 0% - 40%
Last Minute Offensive  - 0:00
Last Minute Defensive  - 0:00
Total
Forward - 60:00
Defense - 60:00

Play-by-Play

1st period


0:01 of 1st period - Jonathan Toews wins face-off versus Ryan Johansen in neutral zone.
0:21 of 1st period - Shot by Jonathan Toews.
0:21 of 1st period - Shot Blocked by Jacob Trouba.
0:23 of 1st period - Shot by Marc-Edouard Vlasic.
0:23 of 1st period - Goal by Marc-Edouard Vlasic - Oilers : 0 - Kings : 1.
0:24 of 1st period - Mikael Backlund wins face-off versus Pavel Zacha in neutral zone.
0:43 of 1st period - Shot by Yanni Gourde.
0:43 of 1st period - Stopped by Frederik Andersen without a rebound.
0:44 of 1st period - Adam Lowry wins face-off versus Nick Paul in Kings zone.
0:45 of 1st period - Shot by Barclay Goodrow.
0:45 of 1st period - Goal by Barclay Goodrow - Oilers : 1 - Kings : 1.
0:46 of 1st period - Adam Lowry wins face-off versus Zemgus Girgensons in neutral zone.
0:54 of 1st period - Shot by Corey Perry.
0:54 of 1st period - Shot Misses the Net.
1:04 of 1st period - Shot by Corey Perry.
1:04 of 1st period - Stopped by Robin Lehner without a rebound.
1:05 of 1st period - Lucas Wallmark wins face-off versus Barrett Hayton in Oilers zone.
1:05 of 1st period - Lucas Wallmark is hit by Jacob Trouba.
1:10 of 1st period - Tyler Motte is hit by Jacob Trouba and loses puck.
1:24 of 1st period - Shot by Tyler Motte.
1:24 of 1st period - Shot Blocked by Brent Burns.
1:25 of 1st period - Minor Penalty to Tyler Motte for Interference.
1:26 of 1st period - Gustav Nyquist wins face-off versus Jonathan Toews in Kings zone.
1:36 of 1st period - Icing by Vladislav Gavrikov.
1:37 of 1st period - Jonathan Toews wins face-off versus Ryan Johansen in Oilers zone.
3:25 of 1st period - Ryan Johansen is hit by Anthony Bitetto and loses puck.
3:34 of 1st period - Shot by Dylan DeMelo.
3:34 of 1st period - Shot Misses the Net.
3:39 of 1st period - Minor Penalty to Nicolas Hague for Holding.
3:40 of 1st period - Ryan Johansen wins face-off versus Rickard Rakell in Kings zone.
3:45 of 1st period - Shot by Brent Burns.
3:45 of 1st period - Shot Blocked by Jordan Eberle.
5:40 of 1st period - Shot by Barclay Goodrow.
5:40 of 1st period - Shot Misses the Net.
6:00 of 1st period - Shot by Lucas Wallmark.
6:00 of 1st period - Shot Misses the Net.
6:02 of 1st period - Shot by Jonathan Toews.
6:02 of 1st period - Stopped by Robin Lehner without a rebound.
6:03 of 1st period - Pavel Zacha wins face-off versus Nick Paul in Oilers zone.
6:03 of 1st period - Pavel Zacha is hit by Corey Perry.
6:22 of 1st period - Zemgus Girgensons is hit by Jacob Trouba and loses puck.
6:54 of 1st period - Minor Penalty to Jacob Trouba for Holding.
6:55 of 1st period - Adam Lowry wins face-off versus Jonathan Toews in Oilers zone.
7:19 of 1st period - Shot by Marc-Edouard Vlasic.
7:19 of 1st period - Deflect By Jonathan Toews.
7:19 of 1st period - Shot Misses the Net.
7:21 of 1st period - Shot by Jonathan Toews.
7:21 of 1st period - Shot Misses the Net.
7:23 of 1st period - Shot by Rickard Rakell.
7:23 of 1st period - Deflect By Jordan Eberle.
7:23 of 1st period - Stopped by Robin Lehner without a rebound.
7:24 of 1st period - Ryan Johansen wins face-off versus Mikael Backlund in Oilers zone.
7:38 of 1st period - Shot by Ryan Johansen.
7:38 of 1st period - Stopped by Frederik Andersen without a rebound.
7:39 of 1st period - Adam Lowry wins face-off versus Mikael Backlund in Kings zone.
8:24 of 1st period - Icing by John Moore.
8:25 of 1st period - Jonathan Toews wins face-off versus Ryan Johansen in Kings zone.
8:37 of 1st period - Icing by Rickard Rakell.
8:38 of 1st period - Jonathan Toews wins face-off versus Adam Lowry in Kings zone.
10:15 of 1st period - Shot by Ryan Johansen.
10:15 of 1st period - Stopped by Frederik Andersen without a rebound.
10:16 of 1st period - Barclay Goodrow wins face-off versus Mikael Backlund in Kings zone.
10:33 of 1st period - Shot by Andre Burakovsky.
10:33 of 1st period - Shot Blocked by Adam Lowry.
11:04 of 1st period - Off-side.
11:05 of 1st period - Jonathan Toews wins face-off versus Ryan Johansen in neutral zone.
11:26 of 1st period - Shot by Ryan Johansen.
11:26 of 1st period - Shot Misses the Net.
11:28 of 1st period - Shot by Evander Kane.
11:28 of 1st period - Goal by Evander Kane - Oilers : 2 - Kings : 1.
11:29 of 1st period - Pavel Zacha wins face-off versus Lucas Wallmark in neutral zone.
11:32 of 1st period - Tyler Motte is hit by Sam Bennett.
11:33 of 1st period - Icing by Tyler Motte.
11:34 of 1st period - Pavel Zacha wins face-off versus Lucas Wallmark in Kings zone.
11:49 of 1st period - Shot by Yanni Gourde.
11:49 of 1st period - Shot Misses the Net.
11:57 of 1st period - Shot by Yanni Gourde.
11:57 of 1st period - Shot Blocked by Anthony Bitetto.
12:00 of 1st period - Yanni Gourde is hit by Anthony Bitetto and loses puck.
12:06 of 1st period - Minor Penalty to Anthony Bitetto for Interference.
12:07 of 1st period - Jonathan Toews wins face-off versus Evander Kane in Kings zone.
13:34 of 1st period - Icing by Brent Burns.
13:35 of 1st period - Rickard Rakell wins face-off versus Barrett Hayton in Oilers zone.
14:08 of 1st period - Shot by Barclay Goodrow.
14:08 of 1st period - Stopped by Frederik Andersen without a rebound.
14:09 of 1st period - Adam Lowry wins face-off versus Nick Paul in Kings zone.
14:20 of 1st period - Shot by Adam Lowry.
14:20 of 1st period - Deflect By Nick Cousins.
14:20 of 1st period - Shot Blocked by Zemgus Girgensons.
14:22 of 1st period - Shot by Brenden Dillon.
14:22 of 1st period - Stopped by Frederik Andersen with a rebound.
14:36 of 1st period - Icing by Adam Lowry.
14:37 of 1st period - Adam Lowry wins face-off versus Jonathan Toews in Oilers zone.
15:34 of 1st period - Shot by Ryan Johansen.
15:34 of 1st period - Stopped by Frederik Andersen with a rebound.
15:36 of 1st period - Shot by Ryan Johansen.
15:36 of 1st period - Shot Misses the Net.
15:38 of 1st period - Shot by Evander Kane.
15:38 of 1st period - Stopped by Frederik Andersen with a rebound.
15:40 of 1st period - Shot by Travis Hamonic.
15:40 of 1st period - Shot Misses the Net.
15:42 of 1st period - Shot by Gustav Nyquist.
15:42 of 1st period - Stopped by Frederik Andersen without a rebound.
15:43 of 1st period - Pavel Zacha wins face-off versus Jesper Fast in Kings zone.
16:23 of 1st period - Icing by Marc-Edouard Vlasic.
16:24 of 1st period - Mikael Backlund wins face-off versus Ryan Johansen in Kings zone.
16:30 of 1st period - Shot by Jesper Fast.
16:30 of 1st period - Stopped by Robin Lehner with a rebound.
17:02 of 1st period - Evander Kane is hit by Zemgus Girgensons and loses puck.
17:07 of 1st period - Shot by Nick Paul.
17:07 of 1st period - Stopped by Robin Lehner without a rebound.
17:08 of 1st period - Riley Nash wins face-off versus Jonathan Toews in Oilers zone.
17:34 of 1st period - Shot by Riley Nash.
17:34 of 1st period - Stopped by Frederik Andersen without a rebound.
17:35 of 1st period - Mikael Backlund wins face-off versus Sam Bennett in Kings zone.
17:59 of 1st period - Shot by Mikael Backlund.
17:59 of 1st period - Stopped by Robin Lehner without a rebound.
18:00 of 1st period - Evander Kane wins face-off versus Jordan Eberle in Oilers zone.
18:09 of 1st period - Shot by Evander Kane.
18:09 of 1st period - Shot Blocked by Nicolas Hague.
18:11 of 1st period - Shot by Jacob Trouba.
18:11 of 1st period - Shot Blocked by Anthony Bitetto.
18:13 of 1st period - Shot by Brent Burns.
18:13 of 1st period - Shot Blocked by Jonathan Toews.
18:24 of 1st period - Minor Penalty to Rickard Rakell for High sticking.
18:25 of 1st period - Jonathan Toews wins face-off versus Barrett Hayton in Kings zone.
18:39 of 1st period - Shot by Yanni Gourde.
18:39 of 1st period - Shot Misses the Net.
18:41 of 1st period - Shot by Yanni Gourde.
18:41 of 1st period - Shot Blocked by Marco Scandella.
18:43 of 1st period - Shot by Travis Hamonic.
18:43 of 1st period - Stopped by Frederik Andersen without a rebound.
18:44 of 1st period - Jonathan Toews wins face-off versus Ryan Johansen in Kings zone.
19:53 of 1st period - Shot by Yanni Gourde.
19:53 of 1st period - Stopped by Frederik Andersen without a rebound.
19:54 of 1st period - Barrett Hayton wins face-off versus Zemgus Girgensons in Kings zone.
19:58 of 1st period - Pavel Zacha is hit by Marco Scandella and loses puck.
Goals for this period are 2 for Oilers vs 1 for Kings.
Shots for this period are 13 for Oilers vs 7 for Kings.

2nd period


0:01 of 2nd period - Ryan Johansen wins face-off versus Jonathan Toews in neutral zone.
0:32 of 2nd period - Shot by Sam Bennett.
0:32 of 2nd period - Shot Blocked by Stephen Johns.
1:09 of 2nd period - Icing by Stephen Johns.
1:10 of 2nd period - Ryan Johansen wins face-off versus Corey Perry in Kings zone.
1:17 of 2nd period - Shot by Gustav Nyquist.
1:17 of 2nd period - Stopped by Frederik Andersen without a rebound.
1:18 of 2nd period - Jonathan Toews wins face-off versus Gustav Nyquist in Kings zone.
1:29 of 2nd period - Shot by Rickard Rakell.
1:29 of 2nd period - Shot Misses the Net.
1:48 of 2nd period - Shot by Rickard Rakell.
1:48 of 2nd period - Stopped by Robin Lehner without a rebound.
1:49 of 2nd period - Mikael Backlund wins face-off versus Adam Lowry in Oilers zone.
1:49 of 2nd period - Andre Burakovsky is hit by Brenden Dillon and loses puck.
1:58 of 2nd period - Shot by Andre Burakovsky.
1:58 of 2nd period - Shot Misses the Net.
2:06 of 2nd period - Anthony Bitetto is hit by Adam Lowry and loses puck.
2:18 of 2nd period - Mikael Backlund is hit by Dylan DeMelo and loses puck.
2:36 of 2nd period - Off-side.
2:37 of 2nd period - Ryan Johansen wins face-off versus Jonathan Toews in neutral zone.
3:18 of 2nd period - Marc-Edouard Vlasic is hit by Evander Kane and loses puck.
4:02 of 2nd period - Minor Penalty to John Moore for Hooking.
4:03 of 2nd period - Ryan Johansen wins face-off versus Zemgus Girgensons in Kings zone.
4:04 of 2nd period - Shot by Gustav Nyquist.
4:04 of 2nd period - Deflect By Evander Kane.
4:04 of 2nd period - Stopped by Frederik Andersen without a rebound.
4:05 of 2nd period - Ryan Johansen wins face-off versus Jonathan Toews in Kings zone.
4:30 of 2nd period - Shot by Ryan Johansen.
4:30 of 2nd period - Deflect By Gustav Nyquist.
4:30 of 2nd period - Stopped by Frederik Andersen with a rebound.
4:32 of 2nd period - Shot by Jacob Trouba.
4:32 of 2nd period - Shot Misses the Net.
4:48 of 2nd period - Marco Scandella is hit by Barrett Hayton and loses puck.
5:26 of 2nd period - Off-side.
5:27 of 2nd period - Ryan Johansen wins face-off versus Rickard Rakell in neutral zone.
5:32 of 2nd period - Shot by Brent Burns.
5:32 of 2nd period - Shot Blocked by Stephen Johns.
5:34 of 2nd period - Shot by Gustav Nyquist.
5:34 of 2nd period - Shot Misses the Net.
5:36 of 2nd period - Shot by Brent Burns.
5:36 of 2nd period - Shot Misses the Net.
5:38 of 2nd period - Shot by Ryan Johansen.
5:38 of 2nd period - Stopped by Frederik Andersen without a rebound.
5:39 of 2nd period - Barrett Hayton wins face-off versus Mikael Backlund in Kings zone.
5:46 of 2nd period - Shot by Brent Burns.
5:46 of 2nd period - Stopped by Frederik Andersen with a rebound.
6:04 of 2nd period - Shot by Barclay Goodrow.
6:04 of 2nd period - Deflect By Nick Cousins.
6:04 of 2nd period - Shot Misses the Net.
7:08 of 2nd period - Shot by Evander Kane.
7:08 of 2nd period - Deflect By Ryan Johansen.
7:08 of 2nd period - Shot Misses the Net.
7:16 of 2nd period - Shot by Evander Kane.
7:16 of 2nd period - Shot Misses the Net.
7:24 of 2nd period - Shot by Gustav Nyquist.
7:24 of 2nd period - Stopped by Frederik Andersen without a rebound.
7:25 of 2nd period - Andre Burakovsky wins face-off versus Barrett Hayton in Kings zone.
7:38 of 2nd period - Shot by Jesper Fast.
7:38 of 2nd period - Stopped by Robin Lehner without a rebound.
7:39 of 2nd period - Pavel Zacha wins face-off versus Mikael Backlund in Oilers zone.
8:18 of 2nd period - Zemgus Girgensons is hit by Sam Bennett and loses puck.
10:09 of 2nd period - Dylan DeMelo is hit by Marco Scandella and loses puck.
10:24 of 2nd period - Shot by Andre Burakovsky.
10:24 of 2nd period - Shot Misses the Net.
10:26 of 2nd period - Shot by Jesper Fast.
10:26 of 2nd period - Stopped by Robin Lehner without a rebound.
10:27 of 2nd period - Adam Lowry wins face-off versus Zemgus Girgensons in Oilers zone.
10:53 of 2nd period - John Moore is hit by Vladislav Gavrikov and loses puck.
11:12 of 2nd period - Shot by Mikael Backlund.
11:12 of 2nd period - Shot Misses the Net.
11:15 of 2nd period - Icing by Travis Hamonic.
11:16 of 2nd period - Adam Lowry wins face-off versus Mikael Backlund in Oilers zone.
11:24 of 2nd period - Off-side.
11:25 of 2nd period - Ryan Johansen wins face-off versus Mikael Backlund in neutral zone.
11:29 of 2nd period - Minor Penalty to Marc-Edouard Vlasic for Hooking.
11:30 of 2nd period - Jonathan Toews wins face-off versus Ryan Johansen in Kings zone.
12:34 of 2nd period - Shot by Pavel Zacha.
12:34 of 2nd period - Deflect By Yanni Gourde.
12:34 of 2nd period - Shot Blocked by John Moore.
13:30 of 2nd period - Marc-Edouard Vlasic is hit by Adam Lowry.
14:12 of 2nd period - Icing by Dylan DeMelo.
14:13 of 2nd period - Mikael Backlund wins face-off versus Adam Lowry in Oilers zone.
14:13 of 2nd period - Mikael Backlund is hit by Brenden Dillon.
14:17 of 2nd period - Shot by Mikael Backlund.
14:17 of 2nd period - Shot Misses the Net.
14:37 of 2nd period - Shot by Andre Burakovsky.
14:37 of 2nd period - Stopped by Robin Lehner without a rebound.
14:38 of 2nd period - Barrett Hayton wins face-off versus Jonathan Toews in Oilers zone.
15:00 of 2nd period - Jordan Eberle is hit by Jacob Trouba and loses puck.
15:23 of 2nd period - John Moore is hit by Yanni Gourde and loses puck.
15:33 of 2nd period - Icing by Jonathan Toews.
15:34 of 2nd period - Jordan Eberle wins face-off versus Ryan Johansen in Kings zone.
16:07 of 2nd period - Shot by Andre Burakovsky.
16:07 of 2nd period - Shot Blocked by Dylan DeMelo.
16:09 of 2nd period - Shot by Mikael Backlund.
16:09 of 2nd period - Shot Misses the Net.
16:17 of 2nd period - Shot by Jesper Fast.
16:17 of 2nd period - Shot Misses the Net.
16:19 of 2nd period - Shot by Jesper Fast.
16:19 of 2nd period - Shot Misses the Net.
17:01 of 2nd period - Shot by Corey Perry.
17:01 of 2nd period - Shot Misses the Net.
17:15 of 2nd period - Travis Hamonic is hit by Zemgus Girgensons and loses puck.
17:22 of 2nd period - Pavel Zacha is hit by Corey Perry and loses puck.
18:27 of 2nd period - Shot by Nick Cousins.
18:27 of 2nd period - Stopped by Frederik Andersen without a rebound.
18:28 of 2nd period - Adam Lowry wins face-off versus Mikael Backlund in Kings zone.
18:28 of 2nd period - Adam Lowry is hit by Stephen Johns.
18:34 of 2nd period - Shot by Adam Lowry.
18:34 of 2nd period - Shot Misses the Net.
19:29 of 2nd period - Shot by Gustav Nyquist.
19:29 of 2nd period - Deflect By Evander Kane.
19:29 of 2nd period - Shot Blocked by John Moore.
19:31 of 2nd period - Shot by Evander Kane.
19:31 of 2nd period - Stopped by Frederik Andersen without a rebound.
19:32 of 2nd period - Pavel Zacha wins face-off versus Jordan Eberle in Kings zone.
19:46 of 2nd period - Shot by Jonathan Toews.
19:46 of 2nd period - Deflect By Rickard Rakell.
19:46 of 2nd period - Stopped by Robin Lehner without a rebound.
19:47 of 2nd period - Lucas Wallmark wins face-off versus Ryan Johansen in Oilers zone.
19:50 of 2nd period - Shot by Jonathan Toews.
19:50 of 2nd period - Stopped by Robin Lehner with a rebound.
19:53 of 2nd period - Icing by Brent Burns.
19:54 of 2nd period - Jonathan Toews wins face-off versus Ryan Johansen in Oilers zone.
Goals for this period are 0 for Oilers vs 0 for Kings.
Shots for this period are 8 for Oilers vs 6 for Kings.

3rd period


0:01 of 3rd period - Ryan Johansen wins face-off versus Jonathan Toews in neutral zone.
0:07 of 3rd period - Gustav Nyquist is hit by Marco Scandella and loses puck.
0:18 of 3rd period - Shot by Evander Kane.
0:18 of 3rd period - Shot Hit the Post.
0:22 of 3rd period - Shot by Evander Kane.
0:22 of 3rd period - Shot Misses the Net.
0:28 of 3rd period - Shot by Gustav Nyquist.
0:28 of 3rd period - Stopped by Frederik Andersen without a rebound.
0:29 of 3rd period - Pavel Zacha wins face-off versus Andre Burakovsky in Kings zone.
0:30 of 3rd period - Shot by Yanni Gourde.
0:30 of 3rd period - Stopped by Frederik Andersen with a rebound.
0:57 of 3rd period - Shot by Brenden Dillon.
0:57 of 3rd period - Shot Blocked by John Moore.
1:05 of 3rd period - Stephen Johns is hit by Pavel Zacha.
1:18 of 3rd period - Icing by Pavel Zacha.
1:19 of 3rd period - Jordan Eberle wins face-off versus Pavel Zacha in Oilers zone.
2:33 of 3rd period - Icing by Ryan Johansen.
2:34 of 3rd period - Mikael Backlund wins face-off versus Ryan Johansen in Oilers zone.
2:57 of 3rd period - Shot by John Moore.
2:57 of 3rd period - Stopped by Robin Lehner without a rebound.
2:58 of 3rd period - Adam Lowry wins face-off versus Nick Paul in Oilers zone.
2:58 of 3rd period - Adam Lowry is hit by Corey Perry.
3:29 of 3rd period - Shot by Nick Paul.
3:29 of 3rd period - Shot Blocked by Vladislav Gavrikov.
3:31 of 3rd period - Shot by Zemgus Girgensons.
3:31 of 3rd period - Stopped by Robin Lehner with a rebound.
3:33 of 3rd period - Shot by Zemgus Girgensons.
3:33 of 3rd period - Stopped by Robin Lehner without a rebound.
3:34 of 3rd period - Mikael Backlund wins face-off versus Barrett Hayton in Oilers zone.
3:38 of 3rd period - Jesper Fast is hit by Brenden Dillon and loses puck.
4:05 of 3rd period - Shot by Andre Burakovsky.
4:05 of 3rd period - Shot Blocked by Brenden Dillon.
4:07 of 3rd period - Shot by Mikael Backlund.
4:07 of 3rd period - Stopped by Robin Lehner with a rebound.
4:09 of 3rd period - Shot by Andre Burakovsky.
4:09 of 3rd period - Shot Blocked by Barrett Hayton.
4:11 of 3rd period - Shot by Mikael Backlund.
4:11 of 3rd period - Shot Blocked by Dylan DeMelo.
4:13 of 3rd period - Shot by Stephen Johns.
4:13 of 3rd period - Stopped by Robin Lehner without a rebound.
4:14 of 3rd period - Pavel Zacha wins face-off versus Jonathan Toews in Oilers zone.
4:20 of 3rd period - Brent Burns is hit by Marc-Edouard Vlasic.
4:31 of 3rd period - Icing by Jordan Eberle.
4:32 of 3rd period - Jonathan Toews wins face-off versus Ryan Johansen in Kings zone.
4:39 of 3rd period - Shot by Marc-Edouard Vlasic.
4:39 of 3rd period - Stopped by Robin Lehner with a rebound.
4:41 of 3rd period - Shot by Marc-Edouard Vlasic.
4:41 of 3rd period - Shot Misses the Net.
4:43 of 3rd period - Shot by Marco Scandella.
4:43 of 3rd period - Shot Blocked by Travis Hamonic.
5:56 of 3rd period - Shot by Andre Burakovsky.
5:56 of 3rd period - Stopped by Robin Lehner without a rebound.
5:57 of 3rd period - Nick Paul wins face-off versus Adam Lowry in Oilers zone.
5:58 of 3rd period - Shot by Corey Perry.
5:58 of 3rd period - Shot Misses the Net.
6:03 of 3rd period - Barclay Goodrow is hit by Corey Perry and loses puck.
6:04 of 3rd period - Minor Penalty to Nick Paul for High sticking.
6:05 of 3rd period - Jonathan Toews wins face-off versus Evander Kane in Kings zone.
6:18 of 3rd period - Mikael Backlund is hit by Evander Kane and loses puck.
6:31 of 3rd period - Shot by Gustav Nyquist.
6:31 of 3rd period - Shot Misses the Net.
6:33 of 3rd period - Shot by Travis Hamonic.
6:33 of 3rd period - Shot Blocked by Mikael Backlund.
6:35 of 3rd period - Shot by Travis Hamonic.
6:35 of 3rd period - Stopped by Frederik Andersen without a rebound.
6:36 of 3rd period - Rickard Rakell wins face-off versus Barrett Hayton in Kings zone.
6:45 of 3rd period - Shot by Jacob Trouba.
6:45 of 3rd period - Shot Misses the Net.
7:44 of 3rd period - Vladislav Gavrikov is hit by Jonathan Toews.
8:11 of 3rd period - Barclay Goodrow is hit by Anthony Bitetto and loses puck.
8:33 of 3rd period - Minor Penalty to Anthony Bitetto for Hooking.
8:34 of 3rd period - Barrett Hayton wins face-off versus Mikael Backlund in Kings zone.
10:34 of 3rd period - Barrett Hayton is hit by Nick Paul and loses puck.
10:40 of 3rd period - Dylan DeMelo is hit by Corey Perry and loses puck.
11:50 of 3rd period - Shot by Evander Kane.
11:50 of 3rd period - Stopped by Frederik Andersen without a rebound.
11:51 of 3rd period - Jonathan Toews wins face-off versus Pavel Zacha in Kings zone.
11:51 of 3rd period - Jonathan Toews is hit by Sam Bennett.
12:45 of 3rd period - Shot by Evander Kane.
12:45 of 3rd period - Stopped by Frederik Andersen without a rebound.
12:46 of 3rd period - Jesper Fast wins face-off versus Adam Lowry in Kings zone.
12:46 of 3rd period - Jesper Fast is hit by Adam Lowry.
12:51 of 3rd period - Icing by Mikael Backlund.
12:52 of 3rd period - Mikael Backlund wins face-off versus Barrett Hayton in Kings zone.
12:52 of 3rd period - Mikael Backlund is hit by Barrett Hayton.
13:18 of 3rd period - Shot by Riley Nash.
13:18 of 3rd period - Shot Misses the Net.
13:20 of 3rd period - Shot by Travis Hamonic.
13:20 of 3rd period - Stopped by Frederik Andersen without a rebound.
13:21 of 3rd period - Ryan Johansen wins face-off versus Jonathan Toews in Kings zone.
13:26 of 3rd period - Shot by Gustav Nyquist.
13:26 of 3rd period - Shot Misses the Net.
14:09 of 3rd period - Ryan Johansen is hit by Rickard Rakell and loses puck.
14:25 of 3rd period - Shot by Mikael Backlund.
14:25 of 3rd period - Shot Blocked by Brent Burns.
14:27 of 3rd period - Shot by Marc-Edouard Vlasic.
14:27 of 3rd period - Stopped by Robin Lehner without a rebound.
14:28 of 3rd period - Pavel Zacha wins face-off versus Mikael Backlund in Oilers zone.
14:56 of 3rd period - Shot by Pavel Zacha.
14:56 of 3rd period - Stopped by Frederik Andersen without a rebound.
14:57 of 3rd period - Adam Lowry wins face-off versus Nick Paul in Kings zone.
15:51 of 3rd period - Barclay Goodrow is hit by Tyler Motte and loses puck.
16:14 of 3rd period - Tyler Motte is hit by Pavel Zacha and loses puck.
16:23 of 3rd period - Shot by Sam Bennett.
16:23 of 3rd period - Stopped by Frederik Andersen without a rebound.
16:24 of 3rd period - Ryan Johansen wins face-off versus Mikael Backlund in Kings zone.
16:28 of 3rd period - Gustav Nyquist is hit by John Moore.
16:36 of 3rd period - Jesper Fast is hit by Evander Kane and loses puck.
16:43 of 3rd period - Ryan Johansen is hit by Mikael Backlund and loses puck.
17:01 of 3rd period - Icing by Stephen Johns.
17:02 of 3rd period - Mikael Backlund wins face-off versus Pavel Zacha in Kings zone.
18:30 of 3rd period - Shot by Rickard Rakell.
18:30 of 3rd period - Goal by Rickard Rakell - Oilers : 2 - Kings : 2.
18:31 of 3rd period - Lucas Wallmark wins face-off versus Ryan Johansen in neutral zone.
18:47 of 3rd period - Shot by Evander Kane.
18:47 of 3rd period - Stopped by Frederik Andersen without a rebound.
18:48 of 3rd period - Mikael Backlund wins face-off versus Adam Lowry in Kings zone.
18:52 of 3rd period - Off-side.
18:53 of 3rd period - Ryan Johansen wins face-off versus Mikael Backlund in neutral zone.
19:14 of 3rd period - Icing by John Moore.
19:15 of 3rd period - Pavel Zacha wins face-off versus Mikael Backlund in Kings zone.
19:28 of 3rd period - Shot by Mikael Backlund.
19:28 of 3rd period - Stopped by Robin Lehner without a rebound.
19:29 of 3rd period - Gustav Nyquist wins face-off versus Jonathan Toews in Oilers zone.
Goals for this period are 0 for Oilers vs 1 for Kings.
Shots for this period are 9 for Oilers vs 10 for Kings.

Overtime #1


0:01 of 1st overtime period - Jonathan Toews wins face-off versus Ryan Johansen in neutral zone.
0:19 of 1st overtime period - Shot by Ryan Johansen.
0:19 of 1st overtime period - Stopped by Frederik Andersen with a rebound.
0:25 of 1st overtime period - Shot by Evander Kane.
0:25 of 1st overtime period - Shot Misses the Net.
0:37 of 1st overtime period - Shot by Marc-Edouard Vlasic.
0:37 of 1st overtime period - Stopped by Robin Lehner with a rebound.
0:56 of 1st overtime period - Shot by Yanni Gourde.
0:56 of 1st overtime period - Shot Misses the Net.
0:58 of 1st overtime period - Shot by Yanni Gourde.
0:58 of 1st overtime period - Shot Misses the Net.
1:00 of 1st overtime period - Shot by Jacob Trouba.
1:00 of 1st overtime period - Stopped by Frederik Andersen with a rebound.
1:02 of 1st overtime period - Shot by Pavel Zacha.
1:02 of 1st overtime period - Stopped by Frederik Andersen without a rebound.
1:03 of 1st overtime period - Pavel Zacha wins face-off versus Rickard Rakell in Kings zone.
1:04 of 1st overtime period - Shot by Yanni Gourde.
1:04 of 1st overtime period - Deflect By Pavel Zacha.
1:04 of 1st overtime period - Goal by Pavel Zacha - Oilers : 3 - Kings : 2.
Goals for this period are 1 for Oilers vs 0 for Kings.
Shots for this period are 4 for Oilers vs 1 for Kings.